 Dungeon Crawl Stone Soup version 0.23-a0-121-g4413648 (webtiles) character file.

35 Amnesiac the Magician (level 3, -2/24 HPs)
             Began as a Mummy Air Elementalist on Aug 25, 2018.
             Slain by a quokka (4 damage)
             ... on level 3 of the Dungeon.
             The game lasted 00:02:09 (630 turns).

Amnesiac the Magician (Mummy Air Elementalist)       Turns: 630, Time: 00:02:10

Health: -2/24      AC:  2    Str: 11    XL:     3   Next: 16%
Magic:  8/8        EV: 12    Int: 15    God:
Gold:   29         SH:  0    Dex: 12    Spells: 6/9 levels left

rFire    x . .     SeeInvis .   c - +4 dagger (speed)
rCold    + . .     Gourm    .   (no shield)
rNeg     + + +     Faith    .   a - +0 robe
rPois    ∞         Spirit   .   (no helmet)
rElec    .         Reflect  .   (no cloak)
rCorr    .         Harm     .   (no gloves)
MR       .....                  (no boots)
Stlth    ++........             (no amulet)
HPRegen  0.08/turn              (no ring)
MPRegen  0.11/turn              (no ring)

@: no status effects
A: no food or potions, fire vulnerability, cold resistance 1, negative energy
resistance 3, torment resistance, unbreathing
a: no special abilities


You were on level 3 of the Dungeon.
You were not hungry.

You visited 1 branch of the dungeon, and saw 3 of its levels.

You collected 29 gold pieces.

Inventory:

Hand Weapons
 c - a +4 dagger of speed (weapon)
Armour
 a - a +0 robe (worn)
 f - quicksilver dragon scales
Scrolls
 b - 2 scrolls of remove curse {!r, unknown}
 d - a scroll of noise {!r, unknown}
 e - a scroll of enchant weapon {!r, unknown}


   Skills:
 - Level 1.5 Dodging
 - Level 1.5 Stealth
 + Level 3.7 Spellcasting
 - Level 0.7 Conjurations
 - Level 3.0 Air Magic


You had 6 spell levels left.
You knew the following spells:

 Your Spells              Type           Power        Failure   Level  Hunger
a - Shock                 Conj/Air       #...         9%          1    N/A
z - Swiftness             Chrm/Air       #.......     16%         2    N/A

Your spell library contained the following spells:

 Spells                   Type           Power        Failure   Level  Hunger
 Static Discharge         Conj/Air       #.......     26%         3    N/A
 Airstrike                Air            ##........   45%         4    N/A
 Lightning Bolt           Conj/Air       #.........   93%         5    N/A

Dungeon Overview and Level Annotations

Branches:
Dungeon (3/15)

Altars:
Fedhas


Innate Abilities, Weirdness & Mutations

You do not eat or drink.
Your flesh is vulnerable to fire.
You are immune to poison.
Your flesh is cold resistant. (rC+)
You are immune to negative energy. (rN+++)
You are immune to unholy pain and torment.
You can survive without breathing.


Message History

Your experience leads to an increase in your attributes!
Increase (S)trength, (I)ntelligence, or (D)exterity?
You feel clever.
You start resting.
You start resting.
Magic restored.
You see here an adder corpse.
Things that are here:
a spear; a goblin corpse
Found a blossoming altar of Fedhas.
There is a blossoming altar of Fedhas here.
You start resting.
Magic restored.
You start resting.
HP restored.
Things that are here:
a spear; a goblin corpse
Found 7 bolts.
Found a stone staircase leading down.
A rat comes into view.
Found a stone staircase leading down.
A rat is nearby!
Found a scroll labeled BIL INENUMU.
You see here 16 gold pieces.
You now have 23 gold pieces (gained 16).
Found 13 gold pieces.
The rat barely misses you.
Found 6 gold pieces.
You hit the rat but do no damage. You closely miss the rat.
The rat closely misses you.
You hit the rat.
You kill the rat!
You see here a rat corpse.
Found a stone staircase leading down.
Found quicksilver dragon scales.
You now have 29 gold pieces (gained 6).
b - 2 scrolls labeled BIL INENUMU {!r} (gained 1)
Found a trident.
An orc comes into view. It is wielding a flail.
An orc and an orc priest come into view.
An adder, a quokka and an orc come into view.
The orc shouts! x3; You hear a shout! x2
An orc comes into view. It is wielding a club.
Found a stone staircase leading up.
The quokka barely misses you.
Found 18 stones.
You see here quicksilver dragon scales. f - quicksilver dragon scales The orc priest shouts!
The adder hisses angrily.
The quokka bites you.
An orc comes into view.
The orc priest invokes the aid of Beogh against you.
Beogh smites you!
* * * LOW HITPOINT WARNING * * *
The quokka bites you.
* * * LOW HITPOINT WARNING * * *
The orc hits you with a club.
* * * LOW HITPOINT WARNING * * *
The quokka twitches its whiskers.
The orc priest looks satisfied for a moment.
The quokka twitches its whiskers.
There is a stone staircase leading down here.
The quokka barely misses you. The quokka bites you.
You die...

... ### ######.... ##_## #
#.....##.# ##.#.# (.
#.....#..# #...#. ..
#......... #.#... ..
........# ###..#.# #.
...o##.# #####.##..##
#..#.#.##@# ##.....#.#..#
..#....#o##r####......#..#..
#.....oSoo..o..#.......#...#.
#......##.o............###..#
#...).. #..........(....##.##
........#.....>###.......#...
#<..##...........#.......##)#
#... #.##........†.........†#
#.. #..............####......


You could see 2 orcs and a quokka.

Vanquished Creatures
  2 adders
  A worm (D:2)
  4 goblins
  3 kobolds
  A bat (D:2)
  2 frilled lizards
  3 rats
16 creatures vanquished.

Notes
Turn   | Place    | Note
-------+----------+-------------------------------------------
     0 | D:1      | Amnesiac the Mummy Air Elementalist began the quest for the Orb.
     0 | D:1      | Reached XP level 1. HP: 13/13 MP: 4/4
   154 | D:2      | Reached XP level 2. HP: 13/19 MP: 3/5
   158 | D:2      | Learned a level 2 spell: Swiftness
   461 | D:3      | Reached XP level 3. HP: 10/24 MP: 1/8
   512 | D:3      | Found a blossoming altar of Fedhas.
   630 | D:3      | Slain by a quokka

Vault maps used:
D:1:      dpeg_arrival_lava_temple_mockup
D:2:      lightli_temple_of_fire, nicolae_qazlal_eye_of_the_storm
D:3:      marbit_many_paths, vehumet_crystals

Skill      XL: |  1  2 |
---------------+-------+-----
Air Magic      | 3 |  3.0
Spellcasting   | 3 |  3.7
Dodging        | |  1.5
Stealth        | |  1.5
Conjurations   | |  0.7

Action                   || total
-------------------------++-------
Melee: Dagger            ||    32
 Cast: Shock             ||    16
 Stab: Sleeping          ||     1
Armor: Robe              ||     5
Dodge: Dodged            ||    33

Table legend:
 A = Non-vault XP
 B = Vault XP
 C = Vault XP percentage of total XP
 D = Non-vault monster count
 E = Vault monster count
 F = Vault count percentage of total count
                 A         B        C        D         E       F
            +---------+---------+-------+---------+---------+-------
      Total |      49 |       1 |   2.0 |      15 |       1 |   6.2
            +---------+---------+-------+---------+---------+-------
        D:1 |       2 |       0 |   0.0 |       1 |       0 |   0.0
        D:2 |      26 |       0 |   0.0 |       8 |       0 |   0.0
        D:3 |      21 |       1 |   4.5 |       6 |       1 |  14.3
            +---------+---------+-------+---------+---------+-------
